 Dungeon Crawl Stone Soup version 0.25.1-9-gc5326a611f (webtiles) character file.

Game seed: 8635443810209965304

106 Violens the Skirmisher (level 4, 41/41 HPs)
             Began as a Minotaur Fighter on Oct 29, 2020.
             Got out of the dungeon alive.
             The game lasted 00:19:44 (2165 turns).

Violens the Skirmisher (Minotaur Fighter)           Turns: 2165, Time: 00:19:45

Health: 41/41      AC: 11    Str: 21    XL:     4   Next: 55%
Magic:  3/3        EV:  5    Int:  5    God:
Gold:   67         SH: 10    Dex: 10    Spells: 3/3 levels left

rFire    . . .     SeeInvis .   a - +1 long sword
rCold    . . .     Gourm    .   c - +1 kite shield
rNeg     . . .     Faith    .   n - +1 chain mail
rPois    .         Spirit   .   (helmet restricted)
rElec    .         Reflect  .   (no cloak)
rCorr    .         Harm     .   m - +0 pair of gloves
MR       .....                  (no boots)
Stlth    ..........             (no amulet)
HPRegen  0.13/turn              (no ring)
MPRegen  0.08/turn              (no ring)

@: no status effects
A: retaliatory headbutt, horns 2
a: no special abilities


You escaped.
You were hungry.

You visited 1 branch of the dungeon, and saw 2 of its levels.

You collected 67 gold pieces.

Inventory:

Hand Weapons
 a - a +1 long sword (weapon)
Missiles
 e - 48 stones
 k - 5 boomerangs (quivered)
Armour
 c - a +1 kite shield (worn)
 m - a +0 pair of gloves (worn)
 n - a +1 chain mail (worn)
Jewellery
 q - an uncursed ring of protection from magic {unknown}
Scrolls
 g - 2 scrolls of teleportation
Potions
 d - a potion of might
 i - a potion of heal wounds
 l - a potion of curing {unknown}
 p - a potion of magic {unknown}
Comestibles
 f - 2 rations


   Skills:
 + Level 4.7 Fighting
 + Level 3.6 Long Blades
 + Level 0.4 Throwing
 + Level 4.1 Armour
 + Level 0.5 Dodging
 + Level 4.4 Shields


You had 3 spell levels left.
You didn't know any spells.
Your spell library was empty.

Dungeon Overview and Level Annotations

Branches:
Dungeon (2/15)

Altars:


Innate Abilities, Weirdness & Mutations

You reflexively headbutt those who attack you in melee.
You have a pair of horns on your head.


Message History

You hit the frilled lizard.
You kill the frilled lizard!
There is a stone staircase leading down here.
You start waiting.
Done waiting.
You start waiting.
Done waiting.
Unknown command.
Saving game... please wait.
Welcome back, Violens the Minotaur Fighter.
Press ? for a list of commands and other information.
Found a stone staircase leading down.
You are feeling hungry.
There is a stone staircase leading up here.
You climb upwards.
There is a stone staircase leading down here.
There is an open door here.
There is a staircase leading out of the dungeon here.
Are you sure you want to leave the Dungeon?
This will make you lose the game!
You have escaped!

#.#########.........#.#..... #.#
#.........#.#..... #.#
#.###.....#.#.#### #.#########.#
#.....#.#..... #####'#.........#
#.....#.######
#.......###.###########'#.......
#...†...# #.##PPP# #..........
#.......# #.##≈≈≈#####....######
#.......# #.'..@..'.##....#
#.......# ####♣.♣##.......#
#.......# #'##..#######
#.......# #....## #.......#
###### #####+#.# ###.#.# #...#.#
#...#.########################


There were no monsters in sight!

Vanquished Creatures
  A hound (D:2)
  An adder (D:2)
  An ooze (D:1)
  2 worms (D:2)
  4 dart slugs
  2 leopard geckos
  2 giant cockroaches
  7 goblins (D:1)
  7 hobgoblins
  3 kobolds
  A quokka (D:2)
  A ball python (D:1)
  6 bats
  6 frilled lizards
  9 rats
53 creatures vanquished.

Notes
Turn   | Place    | Note
-------+----------+-------------------------------------------
     0 | D:1      | Violens the Minotaur Fighter began the quest for the Orb.
     0 | D:1      | Reached XP level 1. HP: 19/19 MP: 0/0
   170 | D:1      | Reached XP level 2. HP: 25/27 MP: 1/1
   491 | D:1      | Reached XP level 3. HP: 33/33 MP: 2/2
  1370 | D:2      | Reached XP level 4. HP: 41/41 MP: 3/3
  2076 | D:2      | Upgraded the game from 0.25.1-2-g60ff931df9 to
                  | 0.25.1-9-gc5326a611f
  2165 | D:$      | Got out of the dungeon alive.

Illustrated notes

Levels and vault maps discovered:
D:1:      tarquinn_simple_flora_water_e, layout_basic
D:2:      minmay_skewed_foursquare, layout_basic

Skill      XL: |  1  2  3 |
---------------+----------+-----
Shields        | 4 |  4.4
Fighting       | 4 |  4.7
Armour         | 4 |  4.1
Long Blades    | 3 |  3.6
Throwing       | |  0.4
Dodging        | |  0.5

Action                   |  1- 3 |  4- 6 || total
-------------------------+-------+-------++-------
Melee: Long sword        |   100 |    24 ||   124
       Headbutt          |    12 |     5 ||    17
Throw: Stone             |     3 |       ||     3
       Boomerang         |    10 |     7 ||    17
  Use: Potion            |     1 |       ||     1
       Scroll            |       |     6 ||     6
  Eat: Ration            |     1 |       ||     1
Armor: Scale mail        |    44 |       ||    44
       Chain mail        |     8 |    14 ||    22
Dodge: Dodged            |    29 |     6 ||    35
Block: Kite shield       |    47 |    10 ||    57
       Rpst.: Long sword |     9 |       ||     9
